 Dungeon Crawl Stone Soup version 0.31-a0-360-gb3e1d13bf4 (webtiles) character file.

Game seed: 3897223435640930614

41 CraigForest the Shooter (level 3, 0/30 HPs)
             Began as a Minotaur Hunter on July 27, 2023.
             Slain by a goblin
             ... wielding a +0 club
             ... led by Robin
              (5 damage)
             ... on level 2 of the Dungeon.
             The game lasted 00:07:09 (655 turns).

CraigForest the Shooter (Minotaur Hunter)            Turns: 655, Time: 00:07:09

Health: 0/30       AC:  4    Str: 15    XL:     3   Next: 32%
Magic:  2/2        EV: 12    Int:  6    God:
Gold:   82         SH:  0    Dex: 15    Spells: 2/2 levels left

rFire   . . .        a - +0 shortbow
rCold   . . .        (shield currently unavailable)
rNeg    . . .        c - +0 leather armour
rPois   .            (helmet restricted)
rElec   .            (no cloak)
rCorr   .            (no gloves)
SInv    .            d - +0 pair of boots
Will    .....        (no amulet)
Stlth   +            (no ring)
HPRegen 0.25/turn    (no ring)
MPRegen 0.08/turn

%: no passive effects
@: no status effects
A: horns 2, retaliatory headbutt
a: no special abilities


You were on level 2 of the Dungeon.
You visited 1 branch of the dungeon, and saw 2 of its levels.

You collected 82 gold pieces.

Inventory:

Hand Weapons
 a - a +0 shortbow (weapon)
 f - a +0 short sword
 g - a +0 whip of freezing
Armour
 c - a +0 leather armour (worn)
 d - a +0 pair of boots (worn)
 i - a +0 ring mail of cold resistance
Talismans
 h - a maw talisman
Scrolls
 b - a scroll of butterflies
Potions
 e - a potion of might


   Skills:
 + Level 2.6 Fighting
 + Level 5.5 Ranged Weapons
 + Level 0.2 Armour
 + Level 2.4 Dodging
 + Level 0.7 Stealth


You had 2 spell levels left.
You didn't know any spells.
Your spell library was empty.

Dungeon Overview and Level Annotations

Branches:
Dungeon (2/15)

Altars:

Shops:
D:1 *(

Annotations:
D:2 Robin


Innate Abilities, Weirdness & Mutations

You have a pair of horns on your head.
You reflexively headbutt those who attack you in melee.


Message History

Aim: a goblin, wielding a +0 dagger (strong, 55% to hit)
You shoot an arrow. The arrow barely misses the goblin.
Robin hits you from afar with a +0 spear.
The goblin closely misses you. The goblin hits you but does no damage.
The goblin hits you with a +0 dagger. The goblin barely misses you.
Robin says, "Bow before me, strongest of all the hobgoblins!"
Robin closely misses you.
Fire: a) +0 shortbow
Press: ? - help, Q - select action Shift-Dir - straight line, f/p - goblin
Aim: a goblin, wielding a +0 dagger (strong, 55% to hit)
You shoot an arrow. The arrow hits the goblin.
The goblin is moderately wounded.
The goblin hits you but does no damage. Robin hits you but does no damage.
The goblin hits you with a +0 dagger.
You shoot an arrow. The arrow hits the goblin.
You kill the goblin!
Robin throws the goblin at you! The goblin hits you with a +0 dagger.
* * * LOW HITPOINT WARNING * * *
A goblin comes into view. It is wielding a +0 club.
You shoot an arrow. The arrow closely misses the goblin.
The goblin closely misses you. You furiously retaliate!
You headbutt the goblin.
You kill the goblin!
Robin closely misses you. The goblin barely misses you.
Items here: )))) †††.
The goblin attacks as you move away! The goblin closely misses you.
You furiously retaliate!
You headbutt the goblin, but do no damage.
Robin throws the goblin at you!
A goblin comes into view. It is wielding a +0 club.
The goblin unwields a +0 dagger.
The goblin wields a +0 sling.
The goblin shoots a sling bullet.
The sling bullet completely misses you.
The sling bullet closely misses the goblin.
The goblin closely misses you. You furiously retaliate!
You headbutt the goblin.
You kill the goblin!
Robin throws the goblin at you! The goblin hits you with a +0 club.
* * * LOW HITPOINT WARNING * * *
The goblin attacks as you move away! The goblin hits you with a +0 club.
You die... ######## #...... .###### ...g. .#..... . ggg

...... ..#####g# ### ##....
....##.# #.# .....# #...##g#
#.# .##..###
#...##.#########.# .......#
#...##g@.........# ....<#.#
#...############'###
.......###...#######........#
...................'.....>..#
....##.....###...###........#
.... #####.# #...# #........#
.... #.# #...# #...........
.... #.. #...# #............
.... ##.##...# #............


You could see Robin and 4 goblins.

Vanquished Creatures
  2 ball pythons (D:1)
  5 endoplasms (D:1)
  2 giant cockroaches (D:1)
  7 goblins
  5 hobgoblins (D:1)
  A kobold (D:1)
  2 quokkas (D:1)
  5 bats
  4 rats
33 creatures vanquished.

Notes
Turn   | Place    | Note
-------+----------+-------------------------------------------
     0 | D:1      | CraigForest the Minotaur Hunter began the quest for the
                  | Orb.
     0 | D:1      | Reached XP level 1. HP: 18/18 MP: 0/0
   161 | D:1      | Reached XP level 2. HP: 25/25 MP: 1/1
   215 | D:1      | Reached skill level 5 in Ranged Weapons
   231 | D:1      | Found Koigiol's Assorted Antiques.
   242 | D:1      | Found Bileops's Antique Weapon Boutique.
   333 | D:1      | Reached XP level 3. HP: 29/30 MP: 2/2
   644 | D:2      | Noticed Robin
   655 | D:2      | Slain by a goblin

Illustrated notes

Levels and vault maps discovered:
D:1:      wander_arrival_desolate, layout_rooms, serial_shops,
          nicolae_shop_tiny_glass, nicolae_shop_tiny_waterfront,
          interstate_on_off
D:2:      layout_basic, uniq_robin

Skill      XL: |  1  2 |
---------------+-------+-----
Ranged Weapons | 5 |  5.5
Fighting       | |  2.6
Armour         | |  0.2
Dodging        | |  2.4
Stealth        | |  0.7

Action                     || total
---------------------------++-------
   Fire: Shortbow          ||    61
    Use: Scroll            ||     2
 Armour: Leather armour    ||    16
  Dodge: Dodged            ||    23

Table legend: (Time is in decaauts)
 A = Elapsed time spent in this place.
 B = Non-inter-level travel time spent in this place.
 C = Inter-level travel time spent in this place.
 D = Time resting spent in this place.
 E = Time spent auto-exploring this place.
 F = Levels seen in this place.
 G = Mean time per level.
                   A        B        C        D        E       F      G
               +--------+--------+--------+--------+--------+-----+--------+
         Total |    666 |    452 |    214 |      0 |    302 |   2 |  333.0 |
       Dungeon |    666 |    452 |    214 |      0 |    302 |   2 |  333.0 |
               +--------+--------+--------+--------+--------+-----+--------+

Top non-repeatable levels by time:
     D:1: 609 daAuts
     D:2: 57 daAuts
